 Dungeon Crawl Stone Soup version 0.28-a0-1493-g08698888e4 (webtiles) character file.

Game seed: 15589717890742215695

21 testman the Cudgeller (level 2, -1/28 HPs)
             Began as a Gargoyle Monk on Jan 12, 2022.
             Was a Priest of Elyvilon.
             Slain by a gnoll (6 damage)
             ... on level 2 of the Dungeon.
             The game lasted 00:04:17 (1613 turns).

testman the Cudgeller (Gargoyle Monk)               Turns: 1613, Time: 00:04:17

Health: -1/28      AC:  5    Str: 14    XL:     2   Next: 83%
Magic:  2/2        EV: 12    Int: 10    God:    Elyvilon [***...]
Gold:   162        SH:  0    Dex: 12    Spells: 1/1 levels left

rFire   . . .      SeeInvis .   a - +0 mace
rCold   . . .      Faith    .   e - orb {*Rage}
rNeg    + . .      Spirit   .   b - +0 robe
rPois   ∞          Reflect  .   (no helmet)
rElec   +          Harm     .   (no cloak)
rCorr   .          Rampage  .   (no gloves)
Will    .....      Rage     20% c - +0 pair of boots
Stlth   ..........              (no amulet)
HPRegen 0.09/turn               (no ring)
MPRegen 0.08/turn               (no ring)

@: berserking, very quick
A: sickness immunity, AC +2, negative energy resistance 1, electricity
resistance, torment resistance 1, petrification resistance
a: Renounce Religion, Purification, Heal Other, Heal Self


You were on level 2 of the Dungeon.
You worshipped Elyvilon.
Elyvilon was most pleased with you.
You visited 1 branch of the dungeon, and saw 2 of its levels.

You collected 162 gold pieces.

Inventory:

Hand Weapons
 a - a +0 mace (weapon)
Missiles
 d - 18 sling bullets
 g - 43 stones (quivered)
Armour
 b - a +0 robe (worn)
 c - a +0 pair of boots (worn)
 e - an orb of wrath (worn)
Scrolls
 f - a scroll of identify {unknown}


   Skills:
 - Level 3.2 Fighting
 + Level 4.0 Maces & Flails
 - Level 2.4 Dodging
 - Level 2.1 Stealth


You had one spell level left.
You didn't know any spells.
Your spell library was empty.

Dungeon Overview and Level Annotations

Branches:
Dungeon (2/15)

Altars:
Elyvilon


Innate Abilities, Weirdness & Mutations

You are immune to sickness and miasma.
Your stone body is resilient. (AC +2)
You are immune to poison.
You resist negative energy. (rN+)
You are resistant to electric shocks. (rElec)
You are resistant to unholy torment.
You are immune to petrification.


Message History

The endoplasm closely misses you.
You hit the endoplasm.
You kill the endoplasm!
No target in view!
Found a dagger.
You can now provide healing for yourself.
Found an escape hatch in the ceiling.
No reachable target in view! 2 gnolls come into view.
Okay, then.
There are monsters nearby!
You hit the gnoll.
The gnoll is heavily wounded.
The gnoll shouts!
You hear a shout!
The gnoll hits you with a +0 club.
You hit the gnoll.
The gnoll is severely wounded.
The gnoll hits you from afar with a +0 spear.
The gnoll hits you with a +0 club. The gnoll closely misses you.
A red film seems to cover your vision as you go berserk!
You feel yourself moving faster!
You feel mighty!
You sock the gnoll!
You kill the gnoll!
The gnoll hits you from afar with a +0 spear.
Your Maces & Flails skill increases to level 4!
You hit the gnoll.
The gnoll is moderately wounded.
The gnoll closely misses you.
The gnoll hits you from afar with a +0 spear.
You closely miss the gnoll.
The gnoll is moderately wounded.
The gnoll hits you with a +0 whip.
* * * LOW HITPOINT WARNING * * *
You barely miss the gnoll.
The gnoll is moderately wounded.
The gnoll misses you. The gnoll hits you with a +0 whip!
Elyvilon protects you from harm!
You sock the gnoll!
You kill the gnoll!
The gnoll hits you from afar with a +0 spear.
You die...

#.# #.# #.##.#
#+# #.###.##.#
#........#
#####.##########
##.#.###≈≈≈≈##
##....<#.≈....#
+........≈≈≈≈.#
#......#..##..#
#.#.#.##..@)g#
#.######..####
#. #......# #+
#. #.###.## #.#
#.##.###.# #.#
#........# #.##
####.##### ...##
#.# ....# #.#


You could see a gnoll.

Vanquished Creatures
  2 gnolls (D:2)
  A dart slug (D:1)
  An endoplasm (D:2)
  3 hobgoblins (D:1)
  2 bats
  A frilled lizard (D:2)
  A kobold (D:1)
11 creatures vanquished.

Vanquished Creatures (others)
  A fungus (D:2)
  3 toadstools (D:2)
4 creatures vanquished.

Grand Total: 15 creatures vanquished

Notes
Turn   | Place    | Note
-------+----------+-------------------------------------------
     0 | D:1      | testman the Gargoyle Monk began the quest for the Orb.
     0 | D:1      | Reached XP level 1. HP: 14/14 MP: 1/1
   760 | D:1      | You fall into a shaft and drop 1 floor!
  1000 | D:1      | Reached XP level 2. HP: 19/19 MP: 2/2
  1255 | D:1      | Found a faded altar of an unknown god.
  1258 | D:1      | Prayed at the altar of an unknown god.
  1258 | D:1      | Became a worshipper of Elyvilon the Healer
  1258 | D:1      | Reached * piety under Elyvilon
  1258 | D:1      | Reached ** piety under Elyvilon
  1594 | D:2      | Reached *** piety under Elyvilon
  1610 | D:2      | Reached skill level 4 in Maces & Flails
  1612 | D:2      | Elyvilon protects you from harm!
  1613 | D:2      | Slain by a gnoll

Illustrated notes

Levels and vault maps discovered:
D:1:      minmay_arrival_four_houses, layout_loops_corners,
          shapermc_ecumenical_altar_mp_vishouse
D:2:      minmay_roachtagon, layout_loops_corners,
          chequers_serial_rivers_micro_d, minmay_gold_behind_fungi

Skill      XL: |  1  2 |
---------------+-------+-----
Maces & Flails | 4 |  4.0
Fighting       | |  3.2
Dodging        | |  2.4
Stealth        | |  2.1

Action                   || total
-------------------------++-------
Melee: Mace              ||    43
 Stab: Sleeping          ||     5
Armor: Robe              ||     7
Dodge: Dodged            ||    26

Table legend: (Time is in decaauts)
 A = Elapsed time spent in this place.
 B = Non-inter-level travel time spent in this place.
 C = Inter-level travel time spent in this place.
 D = Time resting spent in this place.
 E = Time spent auto-exploring this place.
 F = Levels seen in this place.
 G = Mean time per level.
                   A        B        C        D        E       F      G
               +--------+--------+--------+--------+--------+-----+--------+
         Total |   1680 |   1637 |     43 |    378 |   1025 |   2 |  840.0 |
       Dungeon |   1680 |   1637 |     43 |    378 |   1025 |   2 |  840.0 |
               +--------+--------+--------+--------+--------+-----+--------+

Top non-repeatable levels by time:
     D:1: 1223 daAuts
     D:2: 457 daAuts
